 Dungeon Crawl Stone Soup version 0.26-a0-597-gb535b0901c (webtiles) character file.

Game seed: 13472400519379495954

37 hickop the Caller (level 3, -4/27 HPs)
             Began as a Hill Orc Summoner on Sept 6, 2020.
             Slain by a gnoll
             ... wielding a +0 flail
              (9 damage)
             ... on level 3 of the Dungeon.
             The game lasted 00:08:03 (2887 turns).

hickop the Caller (Hill Orc Summoner)               Turns: 2887, Time: 00:08:03

Health: -4/27      AC: 10    Str: 10    XL:     3   Next: 41%
Magic:  1/5        EV:  4    Int: 16    God:
Gold:   88         SH:  0    Dex: 11    Spells: 4/5 levels left

rFire    . . .     SeeInvis .   b - -1 spear (curse)
rCold    . . .     Faith    .   (no shield)
rNeg     . . .     Spirit   .   c - +0 chain mail
rPois    .         Reflect  .   k - +0 helmet
rElec    .         Harm     .   (no cloak)
rCorr    .                      (no gloves)
MR       .....                  e - +0 pair of boots
Stlth    ..........             (no amulet)
HPRegen  0.09/turn              (no ring)
MPRegen  0.09/turn              (no ring)

@: very slightly contaminated
A: no striking features
a: no special abilities


You were on level 3 of the Dungeon.
You visited 1 branch of the dungeon, and saw 3 of its levels.

You collected 88 gold pieces.

Inventory:

Hand Weapons
 b - a cursed -1 spear (weapon)
Missiles
 g - 22 poisoned darts (quivered)
Armour
 a - a +0 robe
 c - a +0 chain mail (worn)
 e - a +0 pair of boots (worn)
 k - a +0 helmet (worn)
Jewellery
 n - a cursed amulet of inaccuracy {unknown}
Scrolls
 h - a scroll of teleportation
 m - a scroll of random uselessness {unknown}
Potions
 d - a potion of lignification
 f - a potion of brilliance {unknown}
 i - 2 potions of might {unknown}
 j - 3 potions of heal wounds
 l - a potion of haste {unknown}


   Skills:
 + Level 0.8 Fighting
 + Level 0.9 Polearms
 + Level 0.4 Armour
 - Level 1.5 Dodging
 - Level 1.5 Stealth
 + Level 1.7 Spellcasting
 * Level 4.7 Summonings


You had 4 spell levels left.
You knew the following spells:

 Your Spells              Type           Power        Failure   Level
a - Summon Small Mammal   Summ           ###.         95%         1

Your spell library contained the following spells:

 Spells                   Type           Power        Failure   Level
 Call Imp                 Summ           ###.....     99%         2
 Call Canine Familiar     Summ           ###.....     100%        3
 Summon Guardian Golem    Hex/Summ       #.......     100%        3
 Summon Ice Beast         Ice/Summ       #.......     100%        4
 Summon Lightning Spire   Summ/Air       #.......     100%        4


Dungeon Overview and Level Annotations

Branches:
Dungeon (3/15)

Altars:


Message History

Press: ? - help, Shift-Dir - straight line, f - gnoll
Aim: a gnoll, wielding a +0 flail You throw a poisoned dart.
The poisoned dart hits the gnoll.
The gnoll is poisoned.
A gnoll comes into view.
There is a stone staircase leading up here.
The gnoll throws a throwing net.
The throwing net hits you.
You become entangled in the net!
You stop ascending the stairs.
You struggle against the net.
The gnoll hits you from afar with a +0 halberd.
The gnoll hits you but does no damage.
You struggle against the net.
The gnoll hits you from afar with a +0 halberd.
You cannot throw anything while held in a net.
You struggle against the net.
The gnoll looks more healthy.
The gnoll hits you but does no damage. The gnoll hits you with a +0 club.
The gnoll hits you from afar with a +0 halberd!
* * * LOW HITPOINT WARNING * * *
You shred the net and break free! The gnoll hits you with a +0 flail!
You die...

#.....# #.##.## #.##.##
#####.##(.###
#...........##
###......g.##..#
###.....g....###.#
...##...##..>g...# #.##
#.....<##..@g...# #..##
###.##..........####..#####
####[......#.........#
#.......#.........#
#.......#.........#
#.................#
##.##......########
#.##......# ..##......#


You could see 4 gnolls.

Vanquished Creatures
  An adder (D:2)
  A dart slug (D:2)
  2 leopard geckos
  6 bats
  2 goblins
  4 hobgoblins (D:1)
  3 frilled lizards
  5 rats
24 creatures vanquished.

Vanquished Creatures (collateral kills)
  A leopard gecko (D:2)
  A giant cockroach (D:2)
2 creatures vanquished.

Grand Total: 26 creatures vanquished

Notes
Turn   | Place    | Note
-------+----------+-------------------------------------------
     0 | D:1      | hickop the Hill Orc Summoner began the quest for the Orb.
     0 | D:1      | Reached XP level 1. HP: 14/14 MP: 3/3
   525 | D:1      | Reached XP level 2. HP: 22/22 MP: 0/4
  2290 | D:2      | Reached XP level 3. HP: 27/27 MP: 1/5
  2887 | D:3      | Slain by a gnoll

Illustrated notes

Levels and vault maps discovered:
D:1:      wheals_arrival_shading, layout_basic
D:2:      layout_rooms
D:3:      layout_rooms, okawaru_trees_2

Action                   || total
-------------------------++-------
Melee: Spear             ||   172
Throw: Dart              ||     1
 Cast: Summon Small Mamm ||     3
  Use: Scroll            ||     4
Armor: Chain mail        ||   146
Dodge: Dodged            ||    45

Table legend: (Time is in decaauts)
 A = Elapsed time spent in this place.
 B = Non-inter-level travel time spent in this place.
 C = Inter-level travel time spent in this place.
 D = Time resting spent in this place.
 E = Time spent auto-exploring this place.
 F = Levels seen in this place.
 G = Mean time per level.
                   A        B        C        D        E       F      G
               +--------+--------+--------+--------+--------+-----+--------+
         Total |   2900 |   2883 |     17 |    254 |   2226 |   3 |  966.7 |
       Dungeon |   2900 |   2883 |     17 |    254 |   2226 |   3 |  966.7 |
               +--------+--------+--------+--------+--------+-----+--------+

Top non-repeatable levels by time:
     D:1: 1673 daAuts
     D:2: 1169 daAuts
     D:3: 57 daAuts
